 Dungeon Crawl Stone Soup version 0.31-a0-187-gba352fbbf7 (webtiles) character file.

Game seed: 2181470687764250455

91 qw the Shooter (level 4, -1/25 HPs)
             Began as a Deep Elf Hunter on June 22, 2023.
             Slain by Ijyb
             ... wielding a +0 club
              (3 damage)
             ... on level 3 of the Dungeon.
             The game lasted 00:00:34 (1648 turns).

qw the Shooter (Deep Elf Hunter)                    Turns: 1648, Time: 00:00:34

Health: -1/25      AC:  6    Str: 10    XL:     4   Next: 33%
Magic:  6/6        EV: 12    Int: 14    God:
Gold:   168        SH:  0    Dex: 18    Spells: 3/3 levels left

rFire   . . .        Y - +0 shortbow
rCold   . . .        (shield currently unavailable)
rNeg    . . .        c - +0 leather armour
rPois   .            (no helmet)
rElec   .            (no cloak)
rCorr   .            (no gloves)
SInv    .            j - +2 pair of boots
Will    .....        b - amulet of the acrobat
Stlth   ++           (no ring)
HPRegen 0.24/turn    (no ring)
MPRegen 0.10/turn

%: acrobat
@: no status effects
A: no striking features
a: no special abilities


You were on level 3 of the Dungeon.
You visited 1 branch of the dungeon, and saw 3 of its levels.

You collected 168 gold pieces.


   Skills:
 - Level 1.5 Fighting
 + Level 7.7 Ranged Weapons
 - Level 2.4 Dodging
 - Level 1.2 Stealth


You had 3 spell levels left.
You didn't know any spells.
Your spell library was empty.

Inventory:

Hand Weapons
 Y - a +0 shortbow (weapon)
Armour
 c - a +0 leather armour (worn)
 j - a +2 pair of boots (worn)
Jewellery
 b - an amulet of the acrobat (around neck)
 h - a ring of protection from fire
 k - a ring of flight
Scrolls
 a - a scroll of identify
 l - a scroll of vulnerability {unknown}
Potions
 d - a potion of berserk rage {unknown}
 e - a potion of haste {unknown}
 f - a potion of attraction {unknown}
 g - a potion of brilliance {unknown}
 i - a potion of curing {unknown}

Dungeon Overview and Level Annotations

Branches:
Dungeon (3/15)

Altars:
Cheibriados

Annotations:
D:3 Ijyb


Message History

Ijyb is lightly wounded.
Ijyb zaps a wand.
The puff of flame hits you.
You shoot an arrow. The arrow closely misses Ijyb.
Ijyb hits you with a +0 club.
You shoot an arrow. The arrow hits Ijyb but does no damage.
Ijyb is lightly wounded.
Ijyb barely misses you.
You shoot an arrow. The arrow closely misses Ijyb.
Ijyb barely misses you.
You shoot an arrow. The arrow closely misses Ijyb.
Ijyb barely misses you.
You shoot an arrow. The arrow hits Ijyb but does no damage.
Ijyb screams, "Me stronger than you!" Ijyb hits you with a +0 club.
You shoot an arrow. The arrow hits Ijyb but does no damage.
Ijyb hits you with a +0 club.
You shoot an arrow. The arrow hits Ijyb but does no damage.
Ijyb hits you with a +0 club.
You shoot an arrow. The arrow hits Ijyb.
Ijyb is lightly wounded.
Ijyb hits you with a +0 club.
You shoot an arrow. The arrow closely misses Ijyb.
Ijyb barely misses you.
You shoot an arrow. The arrow closely misses Ijyb.
Ijyb zaps a wand.
The puff of flame hits you.
You shoot an arrow. The arrow hits Ijyb.
Ijyb is moderately wounded.
Ijyb closely misses you. x2
You shoot an arrow. The arrow hits Ijyb.
Ijyb is heavily wounded.
Ijyb hits you with a +0 club.
You shoot an arrow. The arrow hits Ijyb.
Ijyb is severely wounded.
Ijyb zaps a wand.
The puff of flame hits you.
You shoot an arrow. The arrow barely misses Ijyb.
Ijyb closely misses you.
You shoot an arrow. The arrow hits Ijyb.
Ijyb is severely wounded.
Ijyb hits you with a +0 club.
You die...

#########
#.#####.......#
.)......%..##.#
......g@...##.########
##.####.##.............#
#.##.##.########.#
#.##.##.# #.# #.......#
#.# ####.#### #.# #.#
#.# #.# #.# #.########
##[#


You could see Ijyb.

Vanquished Creatures
  Terence (D:3)
  3 adders (D:2)
  A worm (D:2)
  7 bats
  3 endoplasms (D:1)
  2 giant cockroaches (D:2)
  2 hobgoblins
  4 kobolds
  A quokka (D:2)
  A ball python (D:1)
  4 frilled lizards
  7 goblins
  2 rats
38 creatures vanquished.

Notes
Turn   | Place    | Note
-------+----------+-------------------------------------------
     0 | D:1      | qw the Deep Elf Hunter began the quest for the Orb.
     0 | D:1      | Reached XP level 1. HP: 12/12 MP: 3/3
     0 | D:1      | 0 ||| qw: Version: 0.3-a-9-g12657ce
     0 | D:1      | 0 ||| qw: Game counter: 2307
     0 | D:1      | 0 ||| qw: Always use a shield: true
     0 | D:1      | 0 ||| qw: God list: Okawaru
     0 | D:1      | 0 ||| qw: Allow faded altars: false
     0 | D:1      | 0 ||| qw: Do Orc after D:15 true
     0 | D:1      | 0 ||| qw: Do second Lair branch before Depths: true
     0 | D:1      | 0 ||| qw: Lair rune preference: random
     0 | D:1      | 0 ||| qw: Plans: Normal
     0 | D:1      | 0 ||| PLANNING D:1-11
   345 | D:1      | Reached XP level 2. HP: 15/16 MP: 4/4
   375 | D:1      | Reached skill level 6 in Ranged Weapons
   419 | D:1      | Found a faded altar of an unknown god.
   748 | D:1      | 748 ||| READING 4 scrolls labelled FANOQA BINTY.
   749 | D:1      | 749 ||| DROPPING 3 scrolls of immolation.
   750 | D:1      | 750 ||| DROPPING scroll of butterflies.
   876 | D:2      | Found a snail-covered altar of Cheibriados.
   964 | D:2      | Reached XP level 3. HP: 10/20 MP: 5/5
  1078 | D:2      | Reached skill level 7 in Ranged Weapons
  1368 | D:2      | 1368 ||| UPGRADING to +2 pair of boots.
  1373 | D:2      | 1373 ||| UPGRADING to amulet of the acrobat.
  1378 | D:2      | 1378 ||| READING 2 scrolls labelled NUTICI SAEH.
  1379 | D:2      | 1379 ||| READING scroll labelled UBLOMU CEFF.
  1388 | D:3      | Found the +0 toga "Victory" {*Victory Clar}
  1391 | D:3      | Noticed Terence
  1408 | D:3      | Killed Terence
  1409 | D:3      | Reached XP level 4. HP: 15/25 MP: 6/6
  1591 | D:3      | Identified the +0 chain mail of the Furrier {+Inv Slay+3}
  1627 | D:3      | Noticed Ijyb
  1645 | D:3      | HP: 4/25 [Ijyb/+0 club (3)]
  1646 | D:3      | HP: 1/25 [Ijyb/puff of flame (3)]
  1648 | D:3      | Slain by Ijyb

Levels and vault maps discovered:
D:1:      dpeg_arrival_round_c, layout_basic,
          hellmonk_ecumenical_altar_pennies_from_heaven
D:2:      layout_basic, basic_altar
D:3:      layout_loops_ring, dk_xom_monty_hall, chequers_mini_garden,
          dk_noncrumbling_3, uniq_terence, uniq_ijyb, uniq_natasha

Skill      XL: |  1  2  3 |
---------------+----------+-----
Ranged Weapons | 6 7 |  7.7
Fighting       | |  1.5
Dodging        | |  2.4
Stealth        | |  1.2

Action                     |  1- 3 |  4- 6 || total
---------------------------+-------+-------++-------
   Fire: Shortbow          |   102 |    28 ||   130
    Use: Scroll            |     3 |       ||     3
 Armour: Leather armour    |    12 |       ||    12
  Dodge: Dodged            |    16 |     7 ||    23

Table legend:
 A = Non-vault XP
 B = Vault XP
 C = Vault XP percentage of total XP
 D = Non-vault monster count
 E = Vault monster count
 F = Vault count percentage of total count
                 A         B        C        D         E       F
            +---------+---------+-------+---------+---------+-------
      Total |      94 |      36 |  27.7 |      37 |       1 |   2.6
            +---------+---------+-------+---------+---------+-------
        D:1 |      23 |       0 |   0.0 |      15 |       0 |   0.0
        D:2 |      62 |       0 |   0.0 |      17 |       0 |   0.0
        D:3 |       9 |      36 |  80.0 |       5 |       1 |  16.7
            +---------+---------+-------+---------+---------+-------
